 Dungeon Crawl Stone Soup version 0.20-a0-537-g052e6ba (webtiles) character file.

9263 HAL9000 the Carver (level 11, -16/87 HPs)
             Began as a Barachian Berserker on Jan 27, 2017.
             Was a High Priest of Trog.
             Killed from afar by a molten gargoyle (31 damage)
             ... with a bolt of magma
             ... on level 9 of the Dungeon.
             The game lasted 00:30:24 (11669 turns).

HAL9000 the Carver (Barachian Berserker)           Turns: 11669, Time: 00:30:25

Health: -16/87     AC: 18    Str: 17    XL:     11   Next: 43%
Magic:  11/11      EV:  8    Int:  7    God:    Trog [*****.]
Gold:   136        SH:  0    Dex: 11    Spells: 10/10 levels left

rFire    . . .     SeeInvis .   R - +2 falchion (vamp)
rCold    . . .     Gourm    .   J - +0 plate armour
rNeg     + . .     Faith    .   (no shield)
rPois    .         Spirit   .   T - +1 hat
rElec    .         Reflect  .   (no cloak)
rCorr    +         Harm     .   (no gloves)
MR       .....                  H - +2 pair of boots
Stlth    ..........             u - amulet of regeneration
Regen    0.7/turn               Z - ring of positive energy
                                y - ring of resist corrosion

@: slow
A: swims, slowness 1, strong legs 1
a: Hop, Berserk, Trog's Hand, Brothers in Arms, Burn Spellbooks, Renounce
Religion


You were on level 9 of the Dungeon.
You worshipped Trog.
Trog was extremely pleased with you.
You were not hungry.

You visited 2 branches of the dungeon, and saw 10 of its levels.
You also visited: Sewer.

You collected 337 gold pieces.
You spent 201 gold pieces at shops.

Inventory:

Hand Weapons
 a - a +0 falchion
 R - a +2 vampiric falchion (weapon)
Missiles
 i - 6 javelins (quivered)
 P - 6 tomahawks
Armour
 F - a +0 pair of gloves
 H - a +2 pair of boots (worn)
 J - a +0 plate armour (worn)
 T - a +1 hat (worn)
Jewellery
 k - an uncursed amulet of the gourmand
 u - an amulet of regeneration (around neck)
 y - a ring of resist corrosion (left hand)
 Z - a ring of positive energy (right hand)
Wands
 S - a wand of random effects (32/48)
Scrolls
 g - 4 scrolls of teleportation
 o - 2 scrolls of magic mapping
 q - 8 scrolls of remove curse
 r - 4 scrolls of amnesia {unknown}
 w - 2 scrolls of enchant weapon {unknown}
 I - a scroll of blinking
 L - 2 scrolls of noise {unknown}
 N - a scroll of enchant armour {unknown}
 Q - a scroll of fear {unknown}
 X - 3 scrolls of identify
Potions
 t - 6 potions of curing {unknown}
 v - 2 potions of invisibility
 A - a potion of agility
 B - 6 potions of heal wounds
 C - 6 potions of brilliance
 D - 3 potions of flight
 G - 3 potions of berserk rage {unknown}
 K - a potion of cancellation {unknown}
 M - a potion of magic
 U - 3 potions of degeneration {unknown}
 W - a potion of might {unknown}
Books
 Y - a book of Necromancy

   Spells                             Type                      Level
   a - Pain                           Necromancy                   1
   b - Animate Skeleton               Necromancy                   1
   c - Vampiric Draining              Necromancy                   3
   d - Regeneration                   Charms/Necromancy            3
   e - Animate Dead                   Necromancy                   4
   f - Control Undead                 Necromancy                   4
   Trog disapproves of the use of such an item.
Comestibles
 c - 9 bread rations
 h - 3 meat rations
 z - 4 royal jellies
 O - 7 chunks of flesh
 V - 2 fruits


   Skills:
 + Level 8.7 Fighting
 + Level 12.9 Long Blades
 + Level 8.7 Armour
 + Level 8.0 Dodging


You had 10 spell levels left.
You didn't know any spells.

Dungeon Overview and Level Annotations

Branches:
Dungeon (9/15)             Temple (1/1) D:4            Lair (0/6) D:8
    Orc: D:9-12

Altars:
Ashenzari
Cheibriados
Dithmenos
Elyvilon
Fedhas
Gozag
Hepliaklqana
Kikubaaqudgha
Makhleb
Nemelex Xobeh
Okawaru
Qazlal
Ru
Sif Muna
Trog
Uskayaw
Vehumet
Xom
Yredelemnul
Zin
The Shining One

Shops:
D:6 (?}**


Innate Abilities, Weirdness & Mutations

You can swim through water.
You cover ground slowly.
You can hop short distances.


Message History

X - 3 scrolls of identify (gained 1)
A molten gargoyle comes into view. It is wielding a mace.
You see here a pair of gloves.
F - a pair of gloves A molten gargoyle comes into view.
It is wielding a mace of holy wrath.
A molten gargoyle comes into view. It is wielding a mace.
A lava snake comes into view.
The lava snake hisses angrily.
The molten gargoyle blasts magma at you!
The bolt of magma hits you!
The lava snake moves out of view.
The molten gargoyle hits you with a mace.
You are engulfed in flames!
The molten gargoyle blasts magma at you!
The bolt of magma hits you!
The molten gargoyle blasts magma at you!
The bolt of magma hits you!
* * * LOW HITPOINT WARNING * * *
The molten gargoyle blasts magma at you!
The bolt of magma hits you!
You die...

####....# #.....#
####........... ......###
###..## #.##.##....) ###>..###
##..# ##.##.##..... ##.>..####
##.###....##.##.....
##......####.....#####.##.....
##.............## #..##.....
######.....##..# #.###.....
##..##..###.####.###.####
.........@.....##.......#
#.###.................(..## ..
#......9............... #
#..........##.#......##
#.#.#9#9....##.#......##
#.#.#.#.#######.#........
.≈.≈...# ........... ≈≈≈S.#
...####.... ≈≈≈≈≈ ... #....


You could see 3 molten gargoyles and a lava snake.

Vanquished Creatures
  2 two-headed ogres
  Pikel (D:5)
  Joseph (D:8)
  A kobold demonologist (D:7)
  Sigmund (D:2)
  A basilisk (D:8)
  14 yaks
  The ghost of Klosterheim the Chopper, an amateur MiFi (D:6)
  Grum (D:8)
  A hungry ghost (D:7)
  A soldier ant (D:5)
  A water moccasin (D:5)
  Duvessa (D:6)
  2 porcupines (D:8)
  A black bear (D:7)
  An ice beast (D:5)
  An orc warrior (D:9)
  3 slaves (D:5)
  3 ogres
  A phantom (D:5)
  4 wolves (D:8)
  4 crocodiles
  2 centaurs
  2 big kobolds
  2 bullfrogs
  Dowan (D:6)
  A scorpion (D:7)
  8 killer bees
  4 howler monkeys
  8 crimson imps
  5 hounds
  5 orc priests
  3 bullfrog skeletons
  2 jellies
  4 orc wizards
  A centaur skeleton (D:9)
  Ijyb (D:3)
  2 iguanas
  11 worker ants
  A hound skeleton (D:7)
  Robin (D:2)
  2 worker ant zombies (D:7)
  9 adders
  3 oozes
  2 adder zombies
  3 worms
  5 leopard geckos
  29 orcs
  9 bats
  9 giant cockroaches
  17 goblins
  15 hobgoblins
  15 jackals
  5 quokkas
  3 ball pythons
  8 frilled lizards
  A giant cockroach zombie (D:5)
  2 jackal skeletons (D:7)
  A jackal zombie (D:7)
  24 kobolds
  A leopard gecko skeleton (D:7)
  A leopard gecko zombie (D:6)
  A quokka skeleton (D:4)
  16 rats
292 creatures vanquished.

Vanquished Creatures (others)
  A slave (D:5)
  3 fungi (D:8)
  8 plants (D:8)
12 creatures vanquished.

Grand Total: 304 creatures vanquished

Notes
Turn   | Place    | Note
-------+----------+-------------------------------------------
     0 | D:1      | HAL9000 the Barachian Berserker began the quest for the Orb.
     0 | D:1      | Reached XP level 1. HP: 18/18 MP: 1/1
    21 | D:1      | Reached XP level 2. HP: 17/24 MP: 2/2
    24 | D:1      | Reached skill level 4 in Long Blades
   577 | D:1      | Reached XP level 3. HP: 20/29 MP: 3/3
  1183 | D:2      | Reached ** piety under Trog
  1189 | D:2      | Reached skill level 5 in Long Blades
  1371 | D:2      | Noticed Robin
  1716 | D:2      | Reached XP level 4. HP: 32/35 MP: 4/4
  2578 | D:2      | Killed Robin
  2632 | D:2      | Found a basalt altar of Yredelemnul.
  2850 | D:2      | Noticed Sigmund
  2859 | D:2      | Killed Sigmund
  2859 | D:2      | Reached skill level 7 in Long Blades
  2859 | D:2      | Reached XP level 5. HP: 33/41 MP: 5/5
  2859 | D:2      | Reached XP level 6. HP: 38/47 MP: 6/6
  3040 | D:3      | Noticed Ijyb
  3058 | D:3      | Killed Ijyb
  3172 | D:3      | Reached *** piety under Trog
  3517 | D:3      | Found a glowing drain.
  3526 | Sewer    | Entered a sewer
  4249 | Sewer    | Reached skill level 8 in Long Blades
  4255 | Sewer    | Reached XP level 7. HP: 52/52 MP: 7/7
  4722 | D:3      | Found a radiant altar of Vehumet.
  5111 | D:4      | Reached **** piety under Trog
  5335 | D:4      | Found a staircase to the Ecumenical Temple.
  5357 | D:4      | Reached skill level 9 in Long Blades
  5497 | Temple   | Entered the Ecumenical Temple
  5757 | D:4      | Reached skill level 10 in Long Blades
  5820 | D:4      | Found a shimmering altar of Xom.
  5870 | D:4      | Reached XP level 8. HP: 58/58 MP: 8/8
  5915 | D:5      | Entered Level 5 of the Dungeon
  6725 | D:5      | Noticed Pikel
  6780 | D:5      | Killed Pikel
  6836 | D:5      | Reached skill level 11 in Long Blades
  6836 | D:5      | Reached XP level 9. HP: 61/66 MP: 9/9
  6893 | D:5      | Found a runed door.
  6906 | D:5      | Found a runed door.
  6947 | D:5      | Reached skill level 5 in Fighting
  7314 | D:5      | Reached skill level 5 in Armour
  7500 | D:6      | Reached ***** piety under Trog
  7535 | D:6      | Noticed Dowan
  7540 | D:6      | Noticed Duvessa
  7559 | D:6      | Killed Duvessa
  7577 | D:6      | Killed Dowan
  7623 | D:6      | Found Waisogit's Magic Scroll Shop.
  7635 | D:6      | Bought a scroll of teleportation for 36 gold pieces
  7651 | D:6      | Found Osaanos's Gadget Shop.
  7778 | D:6      | Found Noet's Weapon Shop.
  8075 | D:6      | Found a sacrificial altar of Ru.
  8137 | D:6      | Noticed Klosterheim's ghost (amateur MiFi)
  8150 | D:6      | Killed Klosterheim's ghost
  8150 | D:6      | Reached skill level 5 in Dodging
  8229 | D:6      | Found Zuikh's General Store.
  8234 | D:6      | Bought a +1 hat for 165 gold pieces
  8247 | D:6      | Found Helivuso's Assorted Antiques.
  8395 | D:7      | Noticed a kobold demonologist
  8405 | D:7      | Noticed a soul eater
  8410 | D:7      | Killed a kobold demonologist
  8518 | D:7      | Reached XP level 10. HP: 67/77 MP: 10/10
  9647 | D:7      | HP: 2/77 [orc warrior/hand axe (9)]
  9999 | D:8      | Found a bloodstained altar of Trog.
 10040 | D:8      | Found a hide-covered altar of Uskayaw.
 10066 | D:8      | Noticed a two-headed ogre
 10077 | D:8      | Killed a two-headed ogre
 10077 | D:8      | Reached skill level 12 in Long Blades
 10149 | D:8      | Found a shadowy altar of Dithmenos.
 10340 | D:8      | Found a staircase to the Lair.
 10573 | D:8      | Noticed Grum
 10588 | D:8      | Killed Grum
 10614 | D:8      | Reached XP level 11. HP: 63/86 MP: 11/11
 10890 | D:8      | Noticed Joseph
 10901 | D:8      | Killed Joseph
 11183 | D:9      | Noticed a two-headed ogre
 11198 | D:9      | Killed a two-headed ogre
 11290 | D:9      | Found a glowing silver altar of Zin.
 11669 | D:9      | Killed from afar by a molten gargoyle

Vault maps used:
D:1:      dpeg_arrival_tiny_d
D:2:      yredelemnul_altar_generic, minmay_tromino_v2, uniq_sigmund, uniq_robin
D:3:      portal_sewer_entry_d, kennysheep_flooded_box,
          kennysheep_decorative_pillar, uniq_iyjb
D:4:      minmay_temple_entry_trees, first_bread, led_xom_imps
D:5:      lemuel_insect_pit, minmay_holes, uniq_pikel
D:6:      nicolae_ru_great_annihilating_truth, serial_shops, shop_statue, shop,
          shop, nicolae_shop_behind_doors, nicolae_shop_waterfront, uniq_duvessa
D:8:      bloody_trog, overflow_temple_1_default, marbit_many_paths,
          minmay_lair_entry_grove, uniq_joseph, uniq_grum
D:9:      old_standard_altar, hangedman_ranch, st_stairs_5, minivault_8
Temple:   eino_wide_crystal_templ
Sewer:    kennysheep_pipe_town

Skill      XL: |  1  2  3  4  5  6  7  8  9 10 11 |
---------------+----------------------------------+-----
Long Blades    | 4 5 7 8 10 11 12 | 12.9
Fighting       | 4 6 8 |  8.7
Armour         | 4 6 7 8 |  8.7
Dodging        | 3 5 7 8 |  8.0

Action                   |  1- 3 |  4- 6 |  7- 9 | 10-12 || total
-------------------------+-------+-------+-------+-------++-------
Melee: Falchion          |   121 |   199 |   607 |   479 ||  1406
Throw: Javelin           |       |     5 |       |       ||     5
Invok: Berserk           |     1 |     4 |     7 |     6 ||    18
       Trog's Hand       |       |       |       |     2 ||     2
  Use: Scroll            |       |     5 |     2 |     3 ||    10
 Stab: Sleeping          |       |       |     1 |       ||     1
       Invisible         |       |       |     1 |       ||     1
       Paralysed         |       |       |     1 |       ||     1
  Eat: Chunk             |     4 |    13 |    22 |    25 ||    64
       Royal jelly       |       |       |     2 |       ||     2
       Fruit             |       |       |       |     1 ||     1
Armor: Animal skin       |    46 |    33 |     5 |       ||    84
       Chain mail        |       |       |   352 |   165 ||   517
       Plate armour      |       |       |       |    14 ||    14
Dodge: Dodged            |   102 |   133 |   258 |   179 ||   672
       Rpst.: Falchion   |    29 |    40 |    76 |    53 ||   198
